[Event "37th ECCC 2022"]
[Site "Mayrhofen"]
[Date "2022.10.05"]
[Round "3.5"]
[White "Sadikhov, Ulvi"]
[Black "Sargissian, Gabriel"]
[Result "1/2-1/2"]
[ECO "A13"]
[WhiteElo "2473"]
[BlackElo "2711"]
[Annotator "TA"]
[PlyCount "124"]
[EventDate "2022.10.03"]
[EventType "team-tourn"]
[EventCountry "AUT"]
[SourceTitle "playchess.com"]
[Source "ChessBase"]
[SourceQuality "1"]
[TimeControl "40/5400+30:1800+30"]

1. c4 e6 2. g3 d5 3. Bg2 Nf6 4. Nf3 Be7 5. b3 d4 6. O-O c5 7. e3 Nc6 8. exd4 {[%emt 0:00:07] A14: English Opening: 1...e6 with b3 by White.} cxd4 9. d3 O-O 10. Bg5 {[%emt 0:01:26] The position is equal.} h6 11. Bxf6 Bxf6 {[%emt 0:00:07] [#]} 12. Nbd2 $146 ({Predecessor:} 12. a3 a5 13. Nbd2 Be7 14. Qc2 Bd7 15. Qb2 e5 16. Rfe1 Qc7 17. Rac1 b6 18. Re2 {½-½ (40) Keinanen,T (2447)-Urkedal,F (2545) Stockholm 2020}) 12... e5 13. Re1 Qc7 14. a3 a5 15. c5 Be6 16. Rc1 Na7 17. Nc4 Bxc4 (17... Nb5 {seems wilder.} 18. Nfxe5 Nc3 19. Qh5 Qxc5 20. Bxb7 Rab8) 18. bxc4 Qxc5 19. Qa4 Nc8 20. Rb1 {[%emt 0:01:10][%cal Of3e5] Black must now prevent Nxe5!} Nd6 21. Nd2 Ra7 22. Ne4 Nxe4 23. Bxe4 Be7 24. Rxb7 Rxb7 25. Bxb7 Rb8 26. Qd7 Qd6 27. Qxd6 Bxd6 $11 {[%emt 0:00:09][%mdl 4096] Endgame KRB-KRB} 28. Bd5 Kf8 29. a4 f6 30. Rc1 Bc5 31. f4 exf4 32. gxf4 Rb2 (32... f5 $15) 33. f5 Rd2 34. Be4 Ke7 35. Rb1 Bb4 36. c5 Ra2 37. Rc1 Kd7 (37... Rxa4 $2 38. c6 Bd6 39. c7 Bxc7 40. Rxc7+ Kf8 41. Bd5 $18) 38. Rc4 Kc7 39. c6 Rxa4 40. Kg2 Ra2+ 41. Kf3 Bc3 42. Rc5 $1 Rxh2 43. Rd5 (43. Rb5 $11 Rb2 44. Rd5) 43... Kxc6 $17 {[%emt 0:00:17] White is on the road to losing.} 44. Rxa5+ Kb6 45. Ra8 Rh5 46. Ra2 Rg5 47. Rg2 h5 48. Kf2 Bd2 {[%emt 0:05:44] Black is clearly better.} 49. Rxg5 fxg5 {[%emt 0:00:07][%cal Bf6g5,Bg5g4,Bg4g3][%mdl 32] KB-KB} ({Weaker is} 49... Bxg5 50. Kg3 $17) 50. Bd5 g4 51. Bf7 h4 52. Bh5 Be3+ 53. Kf1 g3 {[%emt 0:01:47] [#] ( -> ...h3)} 54. Bg4 Kc5 {[%emt 0:00:11] ...Kd6 is the strong threat.} 55. Bh3 Kd5 {[%emt 0:00:42] aiming for ...Ke5.} 56. Kg2 Ke5 {[%emt 0:02:44] And now ...Kf4 would win.} 57. Kf3 {[%emt 0:00:03] [#]} Bg5 $1 58. Kg4 Bd8 59. Bg2 Be7 60. Bh3 Kd5 61. Kf3 Kd6 62. Bg2 Ke5 {[%emt 0:00:05] Weighted Error Value: White=0.08 (flawless) /Black=0.05 (flawless)} 1/2-1/2

[Event "37th ECCC 2022"]
[Site "Mayrhofen"]
[Date "2022.10.05"]
[Round "3.6"]
[White "Lupulescu, Constantin"]
[Black "Babazada, Khazar"]
[Result "1-0"]
[ECO "D12"]
[WhiteElo "2603"]
[BlackElo "2463"]
[Annotator "TA"]
[PlyCount "87"]
[EventDate "2022.10.03"]
[EventType "team-tourn"]
[EventCountry "AUT"]
[SourceTitle "playchess.com"]
[Source "ChessBase"]
[SourceQuality "1"]
[TimeControl "40/5400+30:1800+30"]

1. d4 d5 2. c4 c6 3. Nf3 Nf6 4. e3 Bf5 5. Nc3 e6 6. Nh4 Be4 7. f3 Bg6 {[%emt 0:00:06] D12: Slav Defence: 3 Nf3 Nf6 4 e3 Bf5.} 8. Bd2 Be7 9. Nxg6 hxg6 {[%emt 0:00:06] White has an edge.} 10. Qc2 Qc7 11. O-O-O {[%emt 0:02:37] [#]} dxc4 $146 ({Predecessor:} 11... Nbd7 12. g4 Rxh2 13. Bd3 g5 14. cxd5 Nxd5 15. Nxd5 exd5 16. e4 dxe4 17. fxe4 O-O-O {½-½ (49) Lagarde,M (2651)-Flom,G (2499) Sitges 2020}) 12. Bxc4 Nbd7 13. h3 b5 14. Bd3 a6 15. Ne4 Rc8 16. Kb1 c5 17. Nxc5 $1 Nxc5 18. dxc5 Qg3 19. Be1 Qe5 20. c6 Qxe3 21. Bf2 ({White should play} 21. c7 $16 {Threatens to win with Qc6+.} Qb6 22. Bg3) 21... Qf4 $11 22. Rc1 O-O 23. Rhd1 Rfd8 24. Be4 Rxd1 25. Rxd1 Nxe4 26. fxe4 Bf6 (26... b4 $11 {keeps the balance.}) 27. Bb6 $1 $16 {[%emt 0:02:30] aiming for a3.} Qb8 28. Qc5 {[%emt 0:11:59] White is more active.} Qf4 29. Qc2 Qb8 $1 30. Qc5 Qf4 {[%emt 0:00:05] [#] Inhibits e5.} 31. c7 $1 $36 {[%emt 0:00:18][%mdl 2048] White is on the roll.} Kh7 32. a3 {[%emt 0:02:49][%cal Ba2a3,Ba3a4][%mdl 32] Black must now prevent Qc2.} Qxe4+ 33. Qc2 Qe5 34. Rd7 {[%emt 0:04:05][%mdl 1024] White has strong compensation.} b4 {[%emt 0:00:48] [#]} (34... Qg3 {might work better.} 35. Ba5 (35. Rxf7 b4 $11) 35... Qe3) 35. a4 $1 $18 (35. Rxf7 $2 bxa3 36. Rxf6 Qxf6 $19) (35. axb4 Qe1+ 36. Ka2 Qxb4 $11) 35... Qg3 36. Ka2 {[%emt 0:01:05] Against b3+} (36. Rxf7 b3 37. Qd1 Qxg2 38. Qxb3 Qh1+ 39. Ka2 Qc6 $15) 36... Qg5 (36... b3+ $142 37. Qxb3 Qxg2) 37. g4 (37. Rxf7 Qd5+ 38. Qb3 Qc6 39. Qxb4 Kg8 40. Rxf6 gxf6 $11) 37... Qe5 $2 (37... Qh6 {was worth a try.} 38. Rxf7 Qxh3) 38. Qb3 $2 (38. Bd4 $18 {and the rest is easy.} Qf4 39. Bxf6 Qxf6 40. Qc5) 38... Qg5 {[%emt 0:00:37][%mdl 8192] This move loses the game for Black.} (38... Qf4 $16 39. Qc2 (39. Rxf7 Qd6 $11) 39... Be5) 39. Qxb4 (39. Rxf7 $142 Qc1 40. Rd7 (40. Qxb4 Qc6 $14)) 39... Qh4 $2 (39... Qc1 40. Rd8 (40. Rxf7 Qc6 $14) 40... Rxc7 41. Bxc7 Qxc7) 40. Rxf7 {[%emt 0:00:57] Strongly threatening Bd4.} Qxh3 41. Rxf6 {[%emt 0:10:20] White mates.} gxf6 42. Qe7+ Kh6 43. Qxe6 Qf3 44. Be3+ {[%emt 0:00:48][%mdl 64] Discovered Attack.  Weighted Error Value: White=0.31/Black=0.45} 1-0

[Event "37th ECCC 2022"]
[Site "Mayrhofen"]
[Date "2022.10.06"]
[Round "3.7"]
[White "Harikrishna, Pentala"]
[Black "Rodshtein, Maxim"]
[Result "1/2-1/2"]
[ECO "B12"]
[WhiteElo "2717"]
[BlackElo "2602"]
[Annotator "TA"]
[PlyCount "159"]
[EventDate "2022.10.03"]
[EventType "team-tourn"]
[EventCountry "AUT"]
[SourceTitle "playchess.com"]
[Source "ChessBase"]
[SourceQuality "1"]
[TimeControl "40/5400+30:1800+30"]

1. e4 c6 2. d4 d5 3. e5 Bf5 4. Nd2 e6 5. Nb3 Nd7 6. Nf3 Ne7 {[%emt 0:02:42] B12: Caro-Kann: Advance Variation.} 7. Be2 h6 8. O-O g5 {[%emt 0:00:43] White has an edge.} 9. Bd2 {[%emt 0:03:17] 9.a4 is a critical line.} Bg7 10. Ne1 c5 {[%emt 0:12:59] [#]} 11. Nxc5 $146 ({Predecessor:} 11. c3 Nc6 12. Nc2 O-O 13. Ne3 Bg6 14. Bh5 cxd4 15. cxd4 Qb6 16. Bc3 a5 17. Bxg6 fxg6 {1-0 (34) Alekseenko,K (2639)-Girshgorn,L (1925) Sochi 2018}) 11... Nxc5 12. dxc5 Qc7 13. Nf3 Qxc5 14. Bc3 a6 15. Nd4 Qc7 16. Re1 Bg6 17. Bh5 O-O 18. h3 Rac8 ({Don't take} 18... Bxe5 {[#]} 19. Nxe6 $1 fxe6 20. Rxe5 $16) 19. Bb4 Rfe8 20. Bxe7 Rxe7 21. Bxg6 fxg6 22. Qg4 ({White should play} 22. Qe2 $11) 22... Qb6 (22... Bxe5 $15 23. c3 (23. Nxe6 Qd6 $15) 23... Qd6) 23. Rab1 $14 Rf8 24. c3 Rf4 25. Qg3 Qc7 (25... Ref7 $5 ) 26. Qd3 Kh7 27. g3 Rff7 28. Qe2 Re8 29. Rbd1 Bf8 30. Rd3 Bc5 31. Rf3 Rxf3 32. Qxf3 Re7 (32... Rf8 $5 33. Qe2 Bxd4 34. cxd4 Kg7 $11) 33. Qd3 Qb6 (33... Bxd4 $5 34. Qxd4 Rf7 $11) 34. Re2 Rf7 35. Kg2 Kg7 36. a4 {[%emt 0:03:05][%cal Oa4a5] [#] Threatens to win with a5!} a5 (36... Bxd4 $5 37. cxd4 Qa5 $11) 37. Nf3 Qb3 38. Qc2 Qc4 39. b3 Qa6 40. Nd4 Qb6 41. Qd3 Rf8 42. Re3 Bxd4 43. cxd4 $11 {[%emt 0:00:00][%mdl 4096] Endgame KQR-KQR} Qb4 44. Qd1 ({Better is} 44. Re2 $14) 44... Rf5 45. Rd3 Rf7 (45... h5 $11) 46. Qc1 (46. Rf3 $16) 46... b6 47. Qc3 h5 48. Qc1 Rf5 49. Qd2 (49. Qe3 {looks sharper.} b5 50. axb5 Qxb5 51. Rc3) 49... Qxd2 50. Rxd2 {[%emt 0:00:00] KR-KR} Rf7 51. Rc2 {[%emt 0:00:00] Against Rc7. aiming for Rc6.} Rb7 $1 52. Rc6 Kf7 53. Kf3 b5 54. Rc5 bxa4 55. bxa4 Rb3+ 56. Ke2 Rb2+ 57. Ke3 Rb3+ 58. Kd2 Rb2+ 59. Ke3 Rb3+ 60. Ke2 Rb2+ 61. Kf1 Rb1+ 62. Kg2 Rb4 63. Rxa5 Rxd4 64. Ra7+ Kf8 $1 65. a5 g4 66. hxg4 hxg4 67. Kf1 Rd2 $1 {[%emt 0:00:58] The position is equal.} 68. Ra6 Kf7 69. Ra7+ Kf8 $1 70. a6 Ra2 71. Ke1 d4 72. Kd1 d3 73. Kc1 Rc2+ 74. Kd1 {[%emt 0:01:23] Threatening mate with Rb7.} Ra2 75. Ra8+ Kg7 76. a7 Kh7 77. Re8 Rxa7 78. Rxe6 Ra2 79. Rf6 Re2 80. Rf4 {[%emt 0:00:05] Weighted Error Value: White=0.13 (very precise) /Black=0.14 (very precise)} 1/2-1/2

[Event "37th ECCC 2022"]
[Site "Mayrhofen"]
[Date "2022.10.06"]
[Round "3.8"]
[White "Mikhalevski, Victor"]
[Black "Vidit, Santosh Gujrathi"]
[Result "0-1"]
[ECO "D38"]
[WhiteElo "2523"]
[BlackElo "2710"]
[Annotator "TA"]
[PlyCount "142"]
[EventDate "2022.10.03"]
[EventType "team-tourn"]
[EventCountry "AUT"]
[SourceTitle "playchess.com"]
[Source "ChessBase"]
[SourceQuality "1"]
[TimeControl "40/5400+30:1800+30"]

1. d4 d5 2. c4 e6 3. Nf3 Nf6 4. Nc3 Bb4 5. Qa4+ Nc6 6. e3 O-O 7. Qc2 {[%emt 0:00:12] D38: Queen's Gambit Declined: Ragozin Defence (4 Nf3 Bb4).} Re8 8. Bd2 (8. a3 $5 Bxc3+ 9. Qxc3 $11) 8... Bf8 9. Be2 $1 {[%emt 0:03:47] The position is equal.} Nb4 10. Qb1 dxc4 11. Bxc4 b6 12. a3 Ba6 13. Be2 Bxe2 14. Nxe2 Nbd5 15. e4 Ne7 16. e5 {[%emt 0:02:53] [#]} Nd7 $146 ({Predecessor:} 16... Nfd5 17. Ng5 Ng6 18. h4 Be7 19. Nxh7 Bxh4 20. g3 Kxh7 21. gxh4 Kh8 22. Qe4 f5 {1-0 (42) Giri,A (2764)-Navara,D (2681) chess24.com INT 2022}) 17. Ng5 Ng6 18. h4 Be7 19. Rh3 c5 20. Rg3 $132 {[%emt 0:09:03][%mdl 2048] White is fighting back} cxd4 21. h5 {[%emt 0:00:14] Nxf7 is the strong threat.} Ngf8 22. Nf3 d3 23. Bh6 g6 24. Qxd3 {[%emt 0:03:22] aiming for Qe3.} Nc5 25. Qe3 {[%emt 0:03:56] And now b4 would win.} Qd3 26. Nfd4 Qxe3 {[%emt 0:02:17] Dancing on a razor blade.} 27. Rxe3 Rac8 {[%emt 0:04:10] Inhibits Nc6.} 28. Rc1 gxh5 29. b4 Ncd7 30. Nc6 Ng6 31. f4 Bf8 32. Bxf8 Kxf8 33. Kd2 Rc7 34. Rd3 {[%emt 0:01:22] [#]} Nc5 $1 35. Nxa7 Nxd3 (35... Rxa7 {looks sharper.} 36. bxc5 bxc5 37. Rxc5 Rb8) 36. Rxc7 Ndxf4 37. Nxf4 Nxf4 $15 {[%emt 0:00:03][%mdl 4096] Endgame KRN-KRN} 38. Nb5 (38. Nc8 $1 $11) 38... Nxg2 39. Nd6 Re7 40. Rc8+ Kg7 41. a4 Nf4 (41... Rd7 $1 $17 {Threatens to win with ...h4.} 42. b5 Nh4) 42. a5 $11 bxa5 43. bxa5 (43. b5 $1 $11) 43... h4 (43... Ng6 $142 44. Rc5 Ra7) 44. Ke3 (44. a6 $17 h3 45. Nb5) 44... Nd5+ $19 45. Kf3 Ra7 46. Rc5 h5 47. Nf5+ Kg6 (47... Kh7 $142 {Hoping for ...Rb7.} 48. Nxh4 Rb7) 48. Nxh4+ $17 Kg5 49. Kg3 Rb7 50. Nf3+ Kf5 51. Nd4+ Kxe5 52. a6 Ra7 53. Nc6+ Kd6 54. Nxa7 Kxc5 $11 {[%emt 0:00:02] KN-KN} 55. Nc8 f5 56. a7 Nc7 57. Kf4 $2 {[%emt 0:00:32][%mdl 8192] This move loses the game for White.} (57. Ne7 $11) 57... h4 58. Ne7 Kb6 59. Ng6 {[%emt 0:01:20] [#]} h3 $1 60. Kg3 Kxa7 61. Kxh3 Kb6 62. Kg3 Kc5 63. Kf4 Kd4 64. Nf8 Nd5+ 65. Kg5 Ke5 66. Nd7+ {[%emt 0:00:41] [#]} Kd6 $1 67. Nf8 f4 68. Kg4 e5 (68... Ke5 $142 69. Ng6+ Ke4 70. Kh3 Nf6 71. Nh4 Ke3 72. Ng2+ Kf3 73. Ne1+ Ke2 74. Nc2 e5 75. Kh4 f3 76. Kg5 Nd5 77. Kg6 f2 78. Kf5 Ne3+ 79. Kxe5 Nxc2 80. Kf4 f1=Q+ 81. Ke5 Ne3 82. Kd6 Qf6+ 83. Kc7 Qe6 84. Kd8 Kd2 85. Kc7 Nd5+ 86. Kd8 Qe7+ 87. Kc8 Qc7#) 69. Nh7 e4 {[%emt 0:01:25] Black mates.} 70. Kf5 f3 71. Ng5 Nc3 {[%emt 0:00:08] Weighted Error Value: White=0.21 (precise) /Black=0.09 (flawless)} 0-1

[Event "37th ECCC 2022"]
[Site "Mayrhofen"]
[Date "2022.10.05"]
[Round "3.9"]
[White "Wojtaszek, Radoslaw"]
[Black "Roiz, Michael"]
[Result "1/2-1/2"]
[ECO "D35"]
[WhiteElo "2693"]
[BlackElo "2579"]
[Annotator "TA"]
[PlyCount "55"]
[EventDate "2022.10.03"]
[EventType "team-tourn"]
[EventCountry "AUT"]
[SourceTitle "playchess.com"]
[Source "ChessBase"]
[SourceQuality "1"]
[TimeControl "40/5400+30:1800+30"]

1. c4 e6 2. Nc3 d5 3. d4 Nf6 4. cxd5 exd5 5. Bg5 c6 6. e3 Bf5 7. Qf3 Bg6 8. Bxf6 Qxf6 9. Qxf6 gxf6 10. h4 h5 $1 {[%emt 0:01:25] 10...h5 is better than 10...Nd7. D35: Queen's Gambit Declined: Exchange Variation.} 11. Kd2 Nd7 12. Bd3 Rg8 {[%emt 0:12:37] [#] The position is equal.} 13. g3 $146 ({Predecessor:} 13. Nge2 Bxd3 14. Kxd3 Bd6 15. g3 f5 16. Nf4 Nf6 17. Nce2 Kd7 18. Rac1 Rac8 19. Rc2 {1-0 (62) Baron Rodriguez,J (2449)-Labena Bernal,A (2095) Aragon 2012}) 13... Bxd3 14. Kxd3 f5 15. Nh3 a5 16. Nf4 Nf6 17. Ke2 Bd6 18. Kf3 Ke7 (18... Bxf4 $11 19. Kxf4 Ne4) 19. Rhc1 Rh8 20. Rc2 Ra7 21. Rd1 Kf8 22. Nce2 Kg7 23. Nd3 Re8 24. Nef4 Kh6 25. Nc5 Ne4 26. Ncd3 {[%emt 0:09:16] Pair of Knights!} Nf6 27. Nc5 Ne4 $1 28. Ncd3 {[%emt 0:02:08] Weighted Error Value: White=0.11 (very precise) /Black=0.05 (flawless)} ({White should play} 28. Nb3 $14) 1/2-1/2

[Event "37th ECCC 2022"]
[Site "Mayrhofen"]
[Date "2022.10.05"]
[Round "3.10"]
[White "Postny, Evgeny"]
[Black "Navara, David"]
[Result "1/2-1/2"]
[ECO "D11"]
[WhiteElo "2573"]
[BlackElo "2676"]
[Annotator "TA"]
[PlyCount "88"]
[EventDate "2022.10.03"]
[EventType "team-tourn"]
[EventCountry "AUT"]
[SourceTitle "playchess.com"]
[Source "ChessBase"]
[SourceQuality "1"]
[TimeControl "40/5400+30:1800+30"]

1. d4 d5 2. c4 c6 3. Nf3 Nf6 4. Qb3 dxc4 5. Qxc4 Bf5 6. g3 e6 7. Bg2 Be7 8. O-O {[%emt 0:00:40] D23: Queen's Gambit Accepted: 3 Nf3 Nf6 sidelines.} O-O 9. Nbd2 a5 {[%emt 0:01:50][%cal Ba7a5,Ba5a4][%mdl 32] [#]} 10. Re1 $146 ({Predecessor:} 10. Qb3 Ra7 11. Nc4 a4 12. Qd1 h6 13. Bf4 Na6 14. Rc1 Nb4 15. a3 Nbd5 16. Be5 {1-0 (39) Mishra,A (2517)-Homa,S (2276) Charlotte 2021}) 10... Ne4 11. Qb3 Ra6 12. Nc4 Nd7 13. Bf4 Nb6 {[%emt 0:02:28] Hoping for ...a4.} 14. Ne3 a4 15. Qd1 Nd5 16. Nxf5 exf5 17. a3 c5 18. dxc5 Bxc5 19. e3 Nxf4 {[%emt 0:00:30] Pair of Knights!} 20. Qxd8 Rxd8 21. gxf4 Rb6 22. Re2 g6 23. Rc1 Be7 24. Ne5 Rbd6 25. Bxe4 Rd1+ ({Much less strong is} 25... fxe4 26. Rc7 Bf6 27. Rxb7 $14 (27. Nxf7 R6d7 $14)) 26. Rxd1 $1 Rxd1+ 27. Kg2 fxe4 $11 {[%emt 0:00:07][%mdl 4096] Endgame KRB-KRN} 28. f3 (28. Rc2 $11) 28... f6 $15 29. Ng4 f5 30. Nf2 exf3+ 31. Kxf3 Rf1 {[%emt 0:05:33] Threatening ...Bh4.} 32. Kg2 Rb1 33. Rc2 Kf7 (33... Bf6 $5 34. Nd3 Rd1 $11) 34. e4 Ke6 35. Kf3 fxe4+ 36. Nxe4 Rf1+ 37. Ke3 Re1+ 38. Kf3 $1 Rf1+ 39. Ke3 Re1+ 40. Kf3 $1 {[%emt 0:00:09] The position is equal.} Kd5 41. Rd2+ Kc6 42. Rc2+ Kd5 43. Rd2+ Kc6 44. Rc2+ Kd5 {[%emt 0:00:00] Weighted Error Value: White=0.07 (flawless) /Black=0.06 (flawless)} 1/2-1/2

[Event "37th ECCC 2022"]
[Site "Mayrhofen"]
[Date "2022.10.06"]
[Round "3.11"]
[White "Anton Guijarro, David"]
[Black "Steinberg, Nitzan"]
[Result "1-0"]
[ECO "D30"]
[WhiteElo "2655"]
[BlackElo "2545"]
[Annotator "TA"]
[PlyCount "151"]
[EventDate "2022.10.03"]
[EventType "team-tourn"]
[EventCountry "AUT"]
[SourceTitle "playchess.com"]
[Source "ChessBase"]
[SourceQuality "1"]
[TimeControl "40/5400+30:1800+30"]

1. d4 d5 2. c4 e6 3. Nf3 Nf6 4. g3 Bb4+ 5. Bd2 a5 6. Bg2 O-O 7. Qc1 {[%emt 0:02:46] 7.Qc2 is the modern continuation. E11: Bogo-Indian.} b6 8. O-O {[%emt 0:02:49] [#]} Ba6 $146 ({Predecessor:} 8... Nbd7 9. cxd5 Bxd2 10. Qxd2 exd5 11. Nc3 Re8 12. Rfe1 Bb7 13. Rac1 c5 14. a4 Ne4 {½-½ (33) Pranav,A (2494)-Droin,A (2408) Mamaia 2022}) 9. Ne5 {[%emt 0:07:17] The position is equal.} c5 10. a3 Bxd2 11. Qxd2 Nbd7 12. Nxd7 Qxd7 13. cxd5 exd5 14. Nc3 Rad8 15. Rfd1 Rfe8 16. Qc2 c4 17. a4 h5 18. Rab1 h4 19. b4 hxg3 (19... cxb3 $11 20. Rxb3 Qe6) 20. hxg3 $14 Qg4 21. bxa5 bxa5 22. Rb6 Bc8 23. Bf3 $1 Qh3 {[%emt 0:02:08] [#]} 24. Rxf6 gxf6 25. Nxd5 {[%emt 0:00:33][%mdl 64] Discovered Attack} Kg7 26. Nf4 Qh6 (26... Qf5 $16 {was worth a try.} 27. Nh5+ (27. Qxc4 Bd7 $16) 27... Kg6 28. Nf4+ (28. Qxc4 Bd7 $16) 28... Kg7 29. Nh5+ (29. Qxc4 Rh8 $16) 29... Kg6 30. Nf4+ (30. Qxc4 Bd7 $16) 30... Kg7) 27. Qxc4 $18 Qg5 28. d5 $2 ({Better is} 28. Nh5+ $18 Kg8 29. Qc3) 28... Rh8 $2 (28... Bg4 $14) 29. Qc7 $1 Qe5 {[%emt 0:01:32] [#]} 30. Qxa5 (30. Nh5+ $1 $18 Kg6 31. Qxa5) 30... Bf5 31. Qd2 {[%emt 0:04:11] Against Bc2} Ra8 $2 (31... Be4 $16) 32. a5 (32. Nh5+ $18 Kh7 33. Qa2) 32... Be4 $16 33. Kg2 Rh6 34. Bxe4 (34. Qb4 $1 $16 f5 35. Ne6+ $1 Kg8 36. Bxe4 Qxe4+ 37. Qxe4 fxe4 38. Nc7) 34... Qxe4+ $11 35. f3 Qh7 36. Kf2 Rh2+ 37. Ng2 Qf5 (37... Qh3 $11 {is superior.} 38. Rg1 Qd7) 38. d6 (38. Qb4 $5 ) 38... Qc5+ (38... Qh3 $5 39. Rg1 $8 Qf5 $11) 39. Qd4 Qxa5 40. d7 Rd8 $1 41. Qd6 Qe5 42. Qxe5 {[%emt 0:07:11] The board is on fire.} fxe5 {[%emt 0:00:04][%mdl 4096] Endgame KRR-KRN} 43. g4 Kf6 44. Kg3 Rhh8 45. Ne3 {[%emt 0:00:41] Strongly threatening Nf5.} Ke6 46. Nc4 Rxd7 47. Rxd7 Kxd7 48. Nxe5+ {[%emt 0:00:06] KR-KN} Ke6 49. Kf4 Rh2 50. e4 Rh1 51. Nc4 Rf1 52. Ne3 Rf2 53. g5 Ra2 54. Nd5 Ra1 55. Nc7+ Kd6 56. Nb5+ Kc5 57. Nc3 Rf1 58. Ne2 {[%emt 0:03:07] Threatens to win with Ng3.} Kd6 59. Nd4 Rg1 60. Kf5 Kc5 61. Ne2 Rf1 62. f4 {[%emt 0:00:48] And now Ke5 would win.} Rf2 63. Nc3 Kd4 64. Nd5 {[%emt 0:00:23] Hoping for Nf6.} Rf1 65. Nf6 Re1 $1 66. e5 Ra1 $2 (66... Ke3 $11) 67. Ng4 Ra7 {[%emt 0:00:02] [#]} 68. Nh6 $2 (68. Kf6 $1 $18 Ke4 69. f5) 68... Ke3 $1 69. Kg4 Ra4 70. Nf5+ Kf2 $2 {[%emt 0:00:05][%mdl 8192] [#]} (70... Ke4 $11) 71. g6 $1 $18 fxg6 72. Nh4 Ke3 73. Nxg6 Ke4 {[%emt 0:00:50] White mates.} 74. e6 Kd5 75. e7 Re4 76. Ne5 {[%emt 0:00:18] Weighted Error Value: White=0.17 (very precise) /Black=0.22 (precise)} 1-0

[Event "37th ECCC 2022"]
[Site "Mayrhofen"]
[Date "2022.10.05"]
[Round "3.12"]
[White "Kobo, Ori"]
[Black "Ragger, Markus"]
[Result "1/2-1/2"]
[ECO "D94"]
[WhiteElo "2544"]
[BlackElo "2632"]
[Annotator "TA"]
[PlyCount "60"]
[EventDate "2022.10.03"]
[EventType "team-tourn"]
[EventCountry "AUT"]
[SourceTitle "playchess.com"]
[Source "ChessBase"]
[SourceQuality "1"]
[TimeControl "40/5400+30:1800+30"]

1. d4 Nf6 2. c4 g6 3. Nc3 d5 4. Nf3 Bg7 5. e3 O-O 6. cxd5 Nxd5 7. Bc4 Nb6 8. Bb3 c5 {[%emt 0:00:21] 8...c5 is better than 8...Nc6.} 9. O-O {[%emt 0:00:17] D94: Grünfeld: 4 Nf3 Bg7 5 e3.} Bg4 10. dxc5 {[%emt 0:00:58] [#] And now Qxd8 would win.} N6d7 11. Na4 Qc7 12. h3 Bxf3 13. Qxf3 ({Reject} 13. gxf3 Nxc5 14. Nxc5 Qxc5 $15) 13... Na6 14. c6 Qxc6 15. Qxc6 bxc6 16. Bc4 Nac5 {[%emt 0:15:53] The position is equal.} 17. Nxc5 Nxc5 {[%emt 0:00:02][%cal Bd7c5,Bc5e4,Be4d2][%mdl 32] [#]} 18. Rb1 $146 ({Predecessor:} 18. Bd2 Rab8 19. Rab1 Bxb2 20. Ba5 Ne4 21. Ba6 Nc5 22. Bc4 Rfc8 23. Rfd1 {½-½ (84) Lin,Y (2119)-Xu,X (2466) Wuxi 2016}) 18... Rfd8 {[%emt 0:00:44] Prevents Bd2.} 19. Be2 Ne4 20. Bf3 Nd2 21. Bxd2 Rxd2 22. Rfd1 Rxd1+ 23. Rxd1 Bxb2 24. Bxc6 $11 {[%emt 0:03:32][%mdl 4096] Endgame KRB-KRB} Rc8 25. Bd5 e6 26. Bb3 Rc1 27. Rxc1 Bxc1 28. Kf1 Kf8 29. Ke2 Ke7 30. Kd3 Kd6 {[%emt 0:00:09] A balanced but interesting game.  Weighted Error Value: White=0.01 (flawless) /Black=0.00 (flawless)} 1/2-1/2

[Event "37th ECCC 2022"]
[Site "Mayrhofen"]
[Date "2022.10.05"]
[Round "3.13"]
[White "Pechac, Jergus"]
[Black "Vachier-Lagrave, Maxime"]
[Result "1/2-1/2"]
[ECO "D80"]
[WhiteElo "2633"]
[BlackElo "2747"]
[Annotator "TA"]
[PlyCount "99"]
[EventDate "2022.10.03"]
[EventType "team-tourn"]
[EventCountry "AUT"]
[SourceTitle "playchess.com"]
[Source "ChessBase"]
[SourceQuality "1"]
[TimeControl "40/5400+30:1800+30"]

1. d4 Nf6 2. c4 g6 3. Nc3 d5 4. Bg5 Bg7 5. Bxf6 Bxf6 6. cxd5 {[%emt 0:00:07] D80: Grünfeld: Unusual White 4th moves and 4 Bg5.} c5 7. dxc5 Nd7 8. Rc1 {[%emt 0:00:37] White wants to play b4. White has an edge.} Nxc5 9. g3 O-O 10. Bg2 Qb6 11. Qd2 Rd8 12. h4 Bf5 13. Nh3 {[%emt 0:00:08] [#]} Rac8 $146 ({Predecessor:} 13... Bxc3 14. bxc3 Be4 15. Bxe4 Nxe4 16. Qf4 Qb2 17. c4 Rac8 18. Kf1 Rxd5 19. Kg2 Rd4 {1-0 (58) Krasenkow,M (2569)-Kosakowski,J (2436) Bydgoszcz 2022}) 14. O-O Qb4 15. Rfe1 Na4 $1 16. e4 Nxb2 17. exf5 Bxc3 18. Qh6 Bxe1 {[%emt 0:16:21] [#]} (18... Bg7 $1 $11 {keeps the balance.} 19. Qe3 Rxc1 20. Rxc1 Nc4) 19. Ng5 $1 $16 Bxf2+ 20. Kh2 Bxg3+ 21. Kxg3 Qd6+ 22. Kh3 {[%emt 0:00:05][%cal Bg3h3,Bh3h2,Bh2h1,Bh1g2][%mdl 32] Chess con chili. White is more active.} Qf6 23. Qxh7+ Kf8 24. Rf1 Rc3+ 25. Kh2 {[%emt 0:00:32][%cal Og5e6] Ne6+! would kill now.} gxf5 26. Rxf5 {[%emt 0:14:24] Threatening mate with Ne6+.} Qd6+ 27. Kh1 Rc1+ 28. Bf1 Rxf1+ 29. Kg2 Ke8 30. Qxf7+ $40 {[%emt 0:05:59][%mdl 128] Black is in trouble.} ({Not} 30. Kxf1 Qg6 31. Qxf7+ Qxf7 32. Nxf7 Rd7 $11) (30. Nxf7 Rg1+ 31. Kxg1 Qg3+ 32. Kh1 Qh3+ 33. Kg1 Qg3+ 34. Kh1 Qh3+ 35. Kg1 Qg3+ $11) 30... Kd7 31. Rxf1 Kc8 32. Qe6+ Qxe6 33. dxe6 $18 {[%emt 0:00:50][%mdl 4096] Endgame KRN-KRN} Nc4 {[%emt 0:00:05] And now ...Ne3+ would win.} 34. Rf7 (34. Rc1 $18 b5 35. Nf7) 34... Rh8 (34... Ne3+ $16 35. Kf3 Nd5) 35. Kg3 ({Don't do} 35. Rxe7 $6 Rxh4 36. Kg3 Rd4 $14) (35. Kh3 $1 $18) 35... Nd6 $2 (35... Ne3 $16) 36. Kg4 Kd8 (36... Nc4 {is a better defense.} 37. Rxe7 Ne3+ 38. Kf3 Nd5) 37. h5 Ke8 38. Rf1 (38. Rh7 Rxh7 39. Nxh7) 38... Rh6 {[%emt 0:02:08] [#]} 39. a4 Nc4 {[%emt 0:04:59] [#] aiming for ...Ne3+.} 40. Rc1 (40. Re1 $1 $18) 40... Ne5+ 41. Kh4 Kf8 $1 42. Rc5 Nc6 {[%emt 0:00:32] The position is equal.} 43. a5 {[%emt 0:04:35][%cal Oa5a6] Black must now prevent a6!} a6 $1 44. Rf5+ Kg7 45. Rf7+ Kg8 46. Rf4 Nxa5 47. Rg4 Kf8 48. Rf4+ Kg8 $1 49. Rg4 {[%emt 0:00:00] Intending Nf7+ and mate.} Kf8 50. Rf4+ {[%emt 0:00:00] White really could win this.  Weighted Error Value: White=0.19 (very precise) /Black=0.20 (precise)} 1/2-1/2